 Dungeon Crawl Stone Soup version 0.22.1-1-ga44c0e5 (webtiles) character file.

139293 MalarOregon the Bludgeoner (level 16, -5/139 HPs)
             Began as a Minotaur Berserker on Sept 23, 2018.
             Was the Champion of Trog.
             Slain by a wolf spider (9 damage)
             ... on level 4 of the Spider Nest.
             The game lasted 01:14:53 (29698 turns).

MalarOregon the Bludgeoner (Minotaur Berserker)    Turns: 29698, Time: 01:14:53

Health: -5/139     AC: 13    Str: 33    XL:     16   Next: 73%
Magic:  32/32      EV:  9    Int: 12    God:    Trog [******]
Gold:   3503       SH:  0    Dex: 14    Spells: 15/15 levels left

rFire    + + .     SeeInvis +   m - +5 demon whip "Fizauwk" {slash, +Fly Int+4}
rCold    . . .     Gourm    .   g - +5 shield
rNeg     . . .     Faith    .   C - +1 ring mail of Joh Miff {rF+ Str+3}
rPois    +         Spirit   .   W - +2 hat
rElec    .         Reflect  .   S - +0 cloak
rCorr    .         Harm     .   (no gloves)
MR       ++...                  X - +0 pair of boots
Stlth    ++........             s - amulet "Tucos" {+Rage rF+ Str-4 SInv}
HPRegen  0.33/turn              L - ring of Elugiyl {rPois MR+ Dex+4 Stlth+}
MPRegen  0.23/turn              J - ring "Zaocob" {MP+9 Str+5 Int+4}

@: held, drained
A: retaliatory headbutt, horns 2
a: Berserk, Trog's Hand, Brothers in Arms, Renounce Religion, Evoke Berserk
Rage, Evoke Flight


You were on level 4 of the Spider Nest.
You worshipped Trog.
Trog was exalted by your worship.
You were near starving.

You visited 4 branches of the dungeon, and saw 24 of its levels.
You also visited: Labyrinth, Sewer, Ice Cave and Volcano.

You collected 3701 gold pieces.
You spent 198 gold pieces at shops.

Inventory:

Hand Weapons
 b - a +6 blowgun
   (You found it on level 6 of the Dungeon)
 m - the +5 demon whip "Fizauwk" (weapon) {slash, +Fly Int+4}
   (Trog gifted it to you on level 6 of the Lair of Beasts)

   It inflicts extra damage upon your enemies.
   It affects your intelligence (+4).
   It lets you fly.
Missiles
 o - 50 poisoned needles
 B - 8 javelins of returning (quivered)
 G - 4 javelins of penetration
 I - 4 throwing nets {!f}
 R - 4 curare-tipped needles {!f}
 Z - 2 needles of sleeping
Armour
 g - a +5 shield (worn)
   (You found it on level 1 of the Dungeon)
 C - the +1 ring mail of Joh Miff (worn) {rF+ Str+3}
   (You found it on level 5 of the Dungeon)

   It affects your strength (+3).
   It protects you from fire.
 S - a +0 cloak (worn)
   (You found it on level 2 of the Dungeon)
 W - a +2 hat (worn)
   (You found it on level 12 of the Dungeon)
 X - a +0 pair of boots (worn)
   (You found it on level 2 of the Dungeon)
Jewellery
 p - an uncursed ring of ice
   (You found it on level 2 of the Lair of Beasts)
 s - the amulet "Tucos" (around neck) {+Rage rF+ Str-4 SInv}
   (You found it on level 3 of the Spider Nest)

   [amulet of rage]

   It affects your strength (-4).
   It protects you from fire.
   It lets you see invisible.
   It lets you go berserk.
 J - the ring "Zaocob" (right hand) {MP+9 Str+5 Int+4}
   (You found it on level 3 of the Spider Nest)

   [ring of magical power]

   It affects your strength (+5).
   It affects your intelligence (+4).
   It affects your magic capacity (+9).
 L - the ring of Elugiyl (left hand) {rPois MR+ Dex+4 Stlth+}
   (You found it on level 8 of the Dungeon)

   [ring of protection from magic]

   It affects your dexterity (+4).
   It protects you from poison.
   It affects your resistance to hostile enchantments.
   It makes you more stealthy.
 P - an uncursed ring of fire
   (You found it in an ice cave)
Wands
 c - a wand of disintegration (21)
   (You found it on level 4 of the Dungeon)
 t - a wand of flame (54)
   (You found it on level 6 of the Lair of Beasts)
 u - a wand of paralysis (23)
   (You found it on level 3 of the Lair of Beasts)
 v - a wand of digging (29)
   (You found it on level 12 of the Dungeon)
 D - a wand of enslavement (28)
   (You found it on level 4 of the Dungeon)
 M - a wand of polymorph (57)
   (You found it on level 8 of the Dungeon)
 U - a wand of clouds (6)
   (You took it off a centaur on level 11 of the Dungeon)
Scrolls
 d - 14 scrolls of teleportation {@r4}
 f - a scroll of immolation {!r}
 j - a scroll of brand weapon
 k - 9 scrolls of remove curse {@r2}
 l - a scroll of magic mapping
 x - 4 scrolls of blinking
 y - 6 scrolls of fear
 A - 4 scrolls of fog
 O - 2 scrolls of vulnerability {!r}
 Y - 2 scrolls of identify {@r1}
Potions
 a - a potion of cancellation
 h - a potion of mutation {!q}
 i - 5 potions of invisibility
 n - a potion of ambrosia
 q - 11 potions of curing {@q1}
 r - 3 potions of might
 w - 5 potions of lignification {!q}
 E - 5 potions of flight
 H - 5 potions of agility
 K - 3 potions of resistance
 Q - 2 potions of haste {@q3}
Miscellaneous
 z - a phantom mirror
 F - a lamp of fire (inert)
   (You found it on level 1 of the Lair of Beasts)
 T - a lightning rod (4/4) {!a}
   (You found it on level 3 of the Lair of Beasts)
 V - a sack of spiders
Comestibles
 e - 49 rations {!d}


   Skills:
 + Level 11.7(11.3) Fighting
 + Level 16.9(16.5) Maces & Flails
 + Level 11.3(10.9) Throwing
 + Level 11.7(11.3) Armour
 + Level 11.4(11.0) Dodging
 + Level 16.0(15.5) Shields
 + Level 11.0(10.7) Evocations


You had 15 spell levels left.
You didn't know any spells.
Your spell library was empty.

Dungeon Overview and Level Annotations

Branches:
Dungeon (12/15)            Temple (0/1) D:5            Lair (6/6) D:11
  Swamp (0/4) Lair:2       Spider (4/4) Lair:3        Slime (0/5) Lair:6
    Orc (2/2) D:10            Elf (0/3) Orc:2

Altars:
Ashenzari
Cheibriados
Hepliaklqana
Nemelex Xobeh
Qazlal
Ru
Sif Muna
Uskayaw
Wu Jian
Xom
Yredelemnul
The Shining One
Beogh

Shops:
Orc:2 }[*(:

Portals:
Trove: D:12 (give 9 potions of agility)


Innate Abilities, Weirdness & Mutations

You reflexively headbutt those who attack you in melee.
You have a pair of horns on your head.


Message History

You headbutt the redback!! The wolf spider hits you!
* * * LOW HITPOINT WARNING * * *
You block the wolf spider's attack. You block the redback's attack.
The jumping spider leaps! x2
The wolf spider completely misses you. You furiously retaliate!
You headbutt the wolf spider, but do no damage.
The wolf spider closely misses you.
You hear a distant "Zot"!
The wolf spider hits you but does no damage.
The wolf spider closely misses you. The wolf spider misses you.
You block the wolf spider's attack. The redback misses you.
You block the wolf spider's attack.
The wolf spider bites you but does no damage.
The jumping spider leaps!
The wolf spider hits you but does no damage.
The wolf spider bites you.
* * * LOW HITPOINT WARNING * * *
You block the redback's attack. The wolf spider barely misses you.
You furiously retaliate!
You headbutt the wolf spider. You block the wolf spider's attack.
The jumping spider leaps!
The jumping spider leaps!
You hear a distant "Zot"!
You block the jumping spider's attack. x2; The jumping spider leaps!
The jumping spider leaps! x3
The redback bites you but does no damage.
The jumping spider leaps!
The wolf spider completely misses you. You block the wolf spider's attack.
You block the redback's attack.
You are near starving!
You block the jumping spider's attack. x2
The jumping spider leaps!
You hear a distant "Zot"!
You block the wolf spider's attack. x2
The jumping spider leaps!
A rock wall.
The rock shatters into small pieces.
The jumping spider pounces on you!
* * * LOW HITPOINT WARNING * * *
You are caught in a web!
The jumping spider closely misses you.
The jumping spider leaps!
The wolf spider hits you.
* * * LOW HITPOINT WARNING * * *
The wolf spider bites you but does no damage.
The jumping spider leaps!
The wolf spider hits you!!
* * * LOW HITPOINT WARNING * * *
The wolf spider bites you!
* * * LOW HITPOINT WARNING * * *
The wolf spider hits you!
* * * LOW HITPOINT WARNING * * *
The wolf spider bites you!
You die...

. #.#.§s......###..####...#..#
###..#.....##......##..##^.< #
#^..#..##....^.....#....... #.
#...##†§#...#^..####^......
#..#..§...##^.^##.^.###..###..
#^...##.§####.##^†###.#....#..
#^.#..#..s†s###^...........##.
####.##...s..§#..#........###.
###.....ss@....<.....### ##
#....###s##..#.#..### ##..§§
#########...# #...#. #..##
##.. . #### ..# #..


You could see 2 wolf spiders, an orb spider, a jumping spider and 2 redbacks.

Vanquished Creatures
  Arachne (Spider:2)
  Jorgrun (Spider:1)
  Asterion (Spider:2)
  Agnes (Spider:1)
  Kirke (Spider:2)
  The ghost of MalarOregon the Severer, a journeyman HOFi of Uskayaw (Spider:2)
  A ghost moth (Spider:3)
  An orc warlord (Orc:2)
  2 emperor scorpions
  4 entropy weavers
  Nessos (D:12)
  Azrael (Spider:2)
  A minotaur (Lab)
  A spark wasp (Spider:3)
  A fire dragon (Lair:6)
  A vault guard (D:12)
  Erolcha (D:11)
  9 hydras
  3 two-headed ogres
  10 death yaks
  4 orc high priests (Orc:2)
  The ghost of Jaiteiro the Covered, a novice MiGl of Okawaru (D:9)
  A fire crab (Spider:3)
  A deep troll (D:9)
  A lindwurm (Lair:6)
  17 wolf spiders
  Pikel (D:4)
  3 oklob plants (Lair:5)
  4 orc knights
  3 orb spiders (Spider:1)
  2 orc sorcerers
  3 ugly things
  A salamander (Volcano)
  The ghost of skk the Slasher, a novice TeGl (D:6)
  Maurice (D:8)
  8 black mambas
  10 elephants
  2 ice statues (IceCv)
  2 molten gargoyles (Lair:6)
  10 spiny frogs
  9 komodo dragons
  A torpor snail (Spider:3)
  6 rime drakes
  7 demonic crawlers
  25 jumping spiders
  A meliai (Spider:3)
  4 polar bears
  4 trolls
  28 blink frogs
  A hornet (D:7)
  Prince Ribbit (Lair:1)
  7 hippogriffs
  2 dream sheep (D:9)
  2 slime creatures
  Sigmund (D:4)
  87 redbacks
  2 wraiths
  4 spriggans (Lair:5)
  62 yaks
  29 tarantellas
  2 wyverns (Lair:6)
  A water elemental (D:11)
  A human (Spider:2)
  5 fire elementals (Spider:2)
  5 basilisks (Lair:6)
  3 fire bats (Volcano)
  2 hungry ghosts
  5 vampire mosquitoes (D:12)
  Menkaure (D:5)
  A steam dragon (Lair:6)
  An acid dragon (D:11)
  6 wargs
  Edmund (D:4)
  9 hell hounds
  A soldier ant (D:11)
  10 water moccasins
  12 porcupines
  34 orc warriors
  A black bear (D:6)
  16 ice beasts
  3 sky beasts
  A necrophage (D:9)
  9 wolves
  6 centaurs
  12 ogres
  A phantom (D:11)
  12 crocodiles
  3 big kobolds (D:9)
  25 bullfrogs
  2 wyvern zombies
  A gnoll sergeant (D:6)
  A wyvern skeleton (D:12)
  6 scorpions
  8 killer bees (D:10)
  3 howler monkeys
  9 wights
  6 electric eels
  3 crimson imps
  5 lava snakes (Lair:6)
  A wyvern simulacrum (D:9)
  A centaur zombie (D:5)
  Crazy Yiuf (D:2)
  A bullfrog zombie (D:5)
  2 centaur skeletons
  34 orc priests
  A water moccasin simulacrum (D:9)
  10 hounds
  2 bullfrog skeletons (D:12)
  6 gnoll shamans
  3 jellies
  4 iguanas
  Jessica (D:3)
  9 worker ants
  4 hell rats (Lair:6)
  24 orc wizards
  A bullfrog simulacrum (D:9)
  A hound zombie (D:11)
  2 hound skeletons
  2 worker ant zombies
  37 gnolls
  2 howler monkey skeletons
  26 adders
  5 river rats (Sewer)
  3 shadow imps
  2 white imps (D:9)
  2 ufetubi (D:9)
  7 oozes
  3 worms
  4 dart slugs
  An adder simulacrum (D:9)
  4 leopard geckos
  108 orcs
  6 giant cockroaches
  9 hobgoblins
  21 jackals
  5 quokkas
  14 ball pythons
  3 bats
  5 frilled lizards
  A goblin (D:1)
  6 kobolds
  23 rats
  A spectral orc (D:6)
  A fungus (Lair:4)
  4 plants
1048 creatures vanquished.

Vanquished Creatures (collateral kills)
  2 ice dragons (IceCv)
  2 orc sorcerers (Orc:2)
  A yak (D:9)
  4 orc warriors (Orc:2)
  An ogre (D:7)
  A wolf (D:9)
  A centaur (D:7)
  A wight (D:9)
  A hound (D:7)
  An orc priest (Orc:2)
  4 orc wizards (Orc:2)
  A worker ant (D:7)
  2 gnolls (D:7)
  6 orcs
  A jackal (D:9)
29 creatures vanquished.

Vanquished Creatures (others)
  An orb spider (Spider:2)
  A komodo dragon (D:12)
  A blink frog (Lair:6)
  2 humans (Spider:2)
  A hog (Spider:2)
  A slave (D:4)
  An orc wizard (D:4)
  A worker ant (D:4)
  An iguana (D:4)
  2 orcs (Orc:2)
  11 fungi
  25 plants
48 creatures vanquished.

Grand Total: 1125 creatures vanquished

Notes
Turn   | Place    | Note
-------+----------+-------------------------------------------
     0 | D:1      | MalarOregon the Minotaur Berserker began the quest for the
                  | Orb.
     0 | D:1      | Reached XP level 1. HP: 19/19 MP: 0/0
    42 | D:1      | Reached XP level 2. HP: 11/26 MP: 1/1
   791 | D:2      | Reached skill level 1 in Shields
   791 | D:2      | Reached XP level 3. HP: 31/31 MP: 2/2
   866 | D:2      | Reached ** piety under Trog
   976 | D:2      | Found a snail-covered altar of Cheibriados.
  1190 | D:2      | Found a runed door.
  1194 | D:2      | Noticed Crazy Yiuf
  1204 | D:2      | Killed Crazy Yiuf
  1204 | D:2      | Reached skill level 5 in Maces & Flails
  1204 | D:2      | Reached XP level 4. HP: 18/39 MP: 3/3
  1466 | D:3      | Found a sacrificial altar of Ru.
  1556 | D:3      | Found a hazy altar of Hepliaklqana.
  1557 | D:3      | Found a sparkling altar of Nemelex Xobeh.
  1653 | D:3      | Found a stormy altar of Qazlal.
  1653 | D:3      | Found a shattered altar of Ashenzari.
  1783 | D:3      | Reached XP level 5. HP: 43/45 MP: 4/4
  1817 | D:3      | Found a glowing drain.
  1828 | Sewer    | Entered a sewer
  1905 | Sewer    | Reached *** piety under Trog
  2201 | Sewer    | Reached XP level 6. HP: 51/51 MP: 5/5
  2483 | D:3      | Noticed Jessica
  2485 | D:3      | Killed Jessica
  2700 | D:4      | Reached XP level 7. HP: 36/57 MP: 6/6
  2710 | D:4      | Noticed Sigmund
  2720 | D:4      | Killed Sigmund
  2745 | D:4      | Reached skill level 5 in Dodging
  2906 | D:4      | Noticed Pikel
  2921 | D:4      | Killed Pikel
  2921 | D:4      | Reached skill level 5 in Shields
  2921 | D:4      | Reached XP level 8. HP: 64/64 MP: 7/7
  2965 | D:4      | Found a hide-covered altar of Uskayaw.
  2992 | D:4      | Noticed Edmund
  3003 | D:4      | Killed Edmund
  3290 | D:4      | Found a deep blue altar of Sif Muna.
  3465 | D:5      | Entered Level 5 of the Dungeon
  3475 | D:5      | Found a staircase to the Ecumenical Temple.
  3490 | D:5      | Got a smoking ring mail
  3572 | D:5      | Reached **** piety under Trog
  3572 | D:5      | Reached skill level 10 in Maces & Flails
  4122 | D:5      | Received a gift from Trog
  4146 | D:5      | Noticed Menkaure
  4153 | D:5      | Killed Menkaure
  4273 | D:6      | Reached skill level 1 in Throwing
  4273 | D:6      | Reached XP level 9. HP: 70/70 MP: 8/8
  4292 | D:6      | Noticed skk's ghost (novice TeGl)
  4293 | D:6      | Found a runed door.
  4304 | D:6      | Found a shimmering altar of Xom.
  4337 | D:6      | Identified the cursed +1 ring mail of Joh Miff {rF+ Str+3}
                  | (You found it on level 5 of the Dungeon)
  5074 | D:6      | Found a basalt altar of Yredelemnul.
  5077 | D:6      | Reached ***** piety under Trog
  5242 | D:6      | Killed skk's ghost
  5576 | D:7      | Reached XP level 10. HP: 35/77 MP: 9/9
  6048 | D:7      | Received a gift from Trog
  6057 | D:7      | Got a faintly glowing double sword {god gift}
  6167 | D:7      | Identified the +4 double sword "Ixisan" {slice, rC+ Str+2
                  | Int+5} (Trog gifted it to you on level 7 of the Dungeon)
  6518 | D:8      | Noticed Maurice
  6525 | D:8      | Paralysed by something for 2 turns
  6529 | D:8      | Paralysed by something for 4 turns
  6537 | D:8      | Paralysed by something for 5 turns
  6558 | D:8      | Killed Maurice
  6603 | D:8      | Found an ornate altar of the Wu Jian Council.
  6685 | D:8      | Found a glowing golden altar of the Shining One.
  6781 | D:8      | Got a vibrating pewter ring
  6782 | D:8      | Identified the ring of Elugiyl {rPois MR+ Dex+4 Stlth+}
                  | (You found it on level 8 of the Dungeon)
  7295 | D:9      | Noticed a deep troll
  7485 | D:9      | Noticed Jaiteiro's ghost (novice MiGl)
  7491 | D:9      | Found a runed gate.
  7491 | D:9      | Found a runed gate.
  7491 | D:9      | Found a runed gate.
  7667 | D:9      | Noticed a death yak
  7689 | D:9      | Killed a death yak
  7708 | D:9      | Reached skill level 10 in Shields
  7708 | D:9      | Reached XP level 11. HP: 38/82 MP: 10/10
  8068 | D:9      | Reached skill level 10 in Dodging
  8097 | D:9      | Noticed a three-headed hydra
  8102 | D:9      | Killed a three-headed hydra
  8266 | D:9      | Killed a deep troll
  8273 | D:9      | Killed Jaiteiro's ghost
  8323 | D:10     | Entered Level 10 of the Dungeon
  8663 | D:10     | Found a staircase to the Orcish Mines.
  8850 | D:10     | Received a gift from Trog
  8999 | D:11     | Noticed Erolcha
  9007 | D:11     | Noticed a white ugly thing
  9009 | D:11     | Killed Erolcha
  9020 | D:11     | Killed a white ugly thing
  9029 | D:11     | Reached XP level 12. HP: 72/90 MP: 11/11
  9689 | D:11     | Found a frozen archway.
  9703 | IceCv    | Entered an ice cave
  9833 | IceCv    | Reached skill level 15 in Shields
  9833 | IceCv    | Reached skill level 1 in Evocations
 11186 | IceCv    | Noticed an ice dragon
 11187 | IceCv    | Noticed an ice dragon
 11193 | IceCv    | Killed an ice dragon
 11196 | IceCv    | Killed an ice dragon
 11375 | D:11     | Found a staircase to the Lair.
 11725 | D:11     | Reached skill level 5 in Fighting
 12208 | D:11     | Found a roughly hewn altar of Beogh.
 12462 | D:12     | Received a gift from Trog
 12468 | D:12     | Noticed Nessos
 12757 | D:12     | Reached skill level 15 in Maces & Flails
 12840 | D:12     | Noticed a vault guard
 12845 | D:12     | Killed a vault guard
 12845 | D:12     | Reached skill level 5 in Armour
 12954 | D:12     | Found a portal to a secret trove of treasure.
 13097 | D:12     | Noticed a four-headed hydra
 13102 | D:12     | Killed a four-headed hydra
 13121 | D:12     | Killed Nessos
 13121 | D:12     | Reached XP level 13. HP: 79/102 MP: 14/14
 13896 | Lair:1   | Entered Level 1 of the Lair of Beasts
 14106 | Lair:1   | Reached skill level 5 in Throwing
 14184 | Lair:1   | Noticed Prince Ribbit
 14188 | Lair:1   | Killed Prince Ribbit
 14827 | Lair:2   | Received a gift from Trog
 15071 | Lair:2   | Found a staircase to the Swamp.
 15667 | Lair:3   | Found a hole to the Spider Nest.
 16389 | Lair:4   | Reached skill level 5 in Evocations
 16528 | Lair:4   | Found a labyrinth entrance.
 16537 | Lab      | Entered a labyrinth
 16654 | Lab      | Noticed a minotaur
 16664 | Lab      | Killed a minotaur
 16666 | Lab      | Got a bloodstained shortbow
 17554 | Lair:4   | Reached XP level 14. HP: 108/116 MP: 17/17
 18392 | Lair:5   | Got a faintly glowing platinum ring
 18887 | Lair:6   | Entered Level 6 of the Lair of Beasts
 18932 | Lair:6   | Received a gift from Trog
 18938 | Lair:6   | Got a jewelled demon whip {god gift}
 18942 | Lair:6   | Identified the +5 demon whip "Fizauwk" {slash, +Fly Int+4}
                  | (Trog gifted it to you on level 6 of the Lair of Beasts)
 19096 | Lair:6   | Reached skill level 10 in Fighting
 19329 | Lair:6   | Found a staircase to the Slime Pits.
 19491 | Lair:6   | Reached skill level 10 in Armour
 19597 | Lair:6   | Identified the ring of Hakalule {rElec rF- Int+6 Stlth+}
                  | (You found it on level 5 of the Lair of Beasts)
 19859 | Lair:6   | Found a large runed door.
 19861 | Lair:6   | Found a large runed door.
 20452 | Lair:6   | Reached XP level 15. HP: 126/126 MP: 20/20
 20692 | Orc:1    | Entered Level 1 of the Orcish Mines
 20698 | Orc:1    | Received a gift from Trog
 21224 | Orc:1    | Reached ****** piety under Trog
 21334 | Orc:2    | Entered Level 2 of the Orcish Mines
 21334 | Orc:2    | Found Gidarch's Gadget Boutique.
 21381 | Orc:2    | Found a dark tunnel.
 21386 | Volcano  | Entered a volcano
 21402 | Volcano  | Reached skill level 10 in Throwing
 22054 | Orc:2    | Received a gift from Trog
 22087 | Orc:2    | Found a staircase to the Elven Halls.
 22121 | Orc:2    | Noticed an orc warlord
 22129 | Orc:2    | HP: 4/126 [orc sorcerer/bolt of negative energy (30)]
 22138 | Orc:2    | Received a gift from Trog
 22145 | Orc:2    | Killed an orc warlord
 22176 | Orc:2    | Reached skill level 10 in Evocations
 22204 | Orc:2    | Received a gift from Trog
 22537 | Orc:2    | Received a gift from Trog
 22566 | Orc:2    | Found Basit's General Store.
 22567 | Orc:2    | Found Vemavuneick's Book Shop.
 22568 | Orc:2    | Found Azanatom's Antique Armour Boutique.
 22568 | Orc:2    | Found Roaczaos's Antique Weapon Boutique.
 22572 | Orc:2    | Bought a crude ring mail for 198 gold pieces
 22602 | Orc:2    | Identified the +1 ring mail of the Failed Coup {SInv} (You
                  | bought it in a shop on level 2 of the Orcish Mines)
 23001 | Spider:1 | Entered Level 1 of the Spider Nest
 24064 | Spider:2 | Noticed Asterion
 24428 | Spider:2 | Noticed Agnes
 24449 | Spider:1 | Received a gift from Trog
 24706 | Spider:2 | HP: 6/128 [Agnes/lajatang (21)]
 24708 | Spider:1 | HP: 1/128 [entropy weaver (7)]
 25378 | Spider:1 | Killed Agnes
 26080 | Spider:2 | Noticed Jorgrun
 26104 | Spider:1 | Killed Jorgrun
 26104 | Spider:1 | Reached XP level 16. HP: 93/136 MP: 22/22
 26412 | Spider:2 | Noticed Kirke
 26430 | Spider:2 | Killed Kirke
 26446 | Spider:2 | Killed Asterion
 26514 | Spider:2 | Noticed Arachne
 26545 | Spider:2 | Killed Arachne
 26618 | Spider:2 | Found a runed gate.
 26618 | Spider:2 | Found a runed gate.
 26618 | Spider:2 | Found a runed gate.
 26626 | Spider:2 | Noticed MalarOregon's ghost (journeyman HOFi)
 26682 | Spider:2 | Got a scorched plate armour
 26694 | Spider:2 | Identified the cursed +0 plate armour "Qomewn" {rElec rC+
                  | Str-3 Dex+3} (You found it on level 2 of the Spider Nest)
 26714 | Spider:2 | Noticed Azrael
 26728 | Spider:2 | Killed Azrael
 26734 | Spider:2 | Received a gift from Trog
 27125 | Spider:2 | Killed MalarOregon's ghost
 28650 | Spider:3 | Found a transporter.
 28651 | Spider:3 | Found the +8 glaive of the Guard {elec, +Rage AC+5 SInv}
 28728 | Spider:3 | Found a transporter.
 28756 | Spider:3 | Received a gift from Trog
 29044 | Spider:3 | HP: 6/138 [spark wasp[the power of Zot] (14)]
 29432 | Spider:3 | Identified the Incunabulum of Enchanting Flames
 29436 | Spider:3 | Got a scorched jade amulet
 29458 | Spider:3 | Got a vibrating golden ring
 29460 | Spider:3 | Identified the amulet "Tucos" {+Rage rF+ Str-4 SInv} (You
                  | found it on level 3 of the Spider Nest)
 29461 | Spider:3 | Identified the ring "Zaocob" {MP+9 Str+5 Int+4} (You found
                  | it on level 3 of the Spider Nest)
 29532 | Spider:4 | Entered Level 4 of the Spider Nest
 29698 | Spider:4 | HP: 4/139 [wolf spider (10)]
 29698 | Spider:4 | Slain by a wolf spider

Skill      XL: |  1  2  3  4  5  6  7  8  9 10 11 12 13 14 15 16 |
---------------+-------------------------------------------------+-----
Maces & Flails | 4 5 6 7 9 10 12 14 15 16 | 16.9
Shields        | 1 2 3 4 5 6 8 10 14 15 16 | 16.0
Dodging        | 3 4 5 6 8 9 10 11 | 11.4
Throwing       | 1 2 4 6 9 10 11 | 11.3
Fighting       | 6 8 10 11 | 11.7
Armour         | 5 8 10 11 | 11.7
Evocations     | 3 5 8 10 11 | 11.0

Action                   |  1- 3 |  4- 6 |  7- 9 | 10-12 | 13-15 | 16-18 || total
-------------------------+-------+-------+-------+-------+-------+-------++-------
Melee: Mace              |   114 |   209 |    17 |       |       |       ||   340
       Headbutt          |    27 |    25 |    55 |   173 |   340 |   100 ||   720
       Morningstar       |       |       |   269 |   777 |   462 |       ||  1508
       Whip              |       |       |     3 |       |       |       ||     3
       Demon whip        |       |       |       |       |   809 |   339 ||  1148
Throw: Javelin           |       |       |       |    32 |   146 |    52 ||   230
Invok: Berserk           |       |     1 |     4 |     4 |     5 |     3 ||    17
       Trog's Hand       |       |     1 |     1 |     8 |     2 |     1 ||    13
       Brothers in Arms  |       |       |       |     6 |     1 |       ||     7
 Abil: Evoke Flight      |       |       |       |       |     4 |       ||     4
       Stop Flying       |       |       |       |       |     1 |       ||     1
Evoke: Wand              |       |       |       |     6 |     3 |    22 ||    31
       Lightning rod     |       |       |       |       |     4 |       ||     4
       Lamp of fire      |       |       |       |       |     1 |     1 ||     2
  Use: Scroll            |     5 |     1 |     5 |     6 |    31 |     8 ||    56
       Potion            |       |       |       |       |     6 |     3 ||     9
 Stab: Sleeping          |     1 |       |       |     3 |     2 |       ||     6
       Distracted        |       |       |       |     2 |     1 |       ||     3
       Paralysed         |       |       |       |       |       |    13 ||    13
  Eat: Chunk             |     1 |     6 |    14 |    28 |    40 |     8 ||    97
       Ration            |       |       |       |     2 |     2 |     2 ||     6
Armor: Animal skin       |     8 |       |       |       |       |       ||     8
       Chain mail        |     4 |   139 |     1 |       |       |       ||   144
       Robe              |       |       |     2 |       |       |       ||     2
       Ring mail         |       |       |    41 |    81 |   207 |    78 ||   407
Dodge: Dodged            |    16 |    64 |    94 |   278 |   448 |   178 ||  1078
Block: Shield            |    30 |   142 |   180 |   571 |  1005 |   329 ||  2257
